 Dungeon Crawl Stone Soup version 0.29-a0-477-g62b78b4225 (webtiles) character file.

Game seed: 16171813496826662818

840 greasedhog the Cleaver (level 8, -7/64 HPs)
             Began as a Hill Orc Monk on May 24, 2022.
             Mangled by Blork the orc
             ... wielding a +0 long sword
              (8 damage)
             ... on level 4 of the Dungeon.
             The game lasted 00:07:45 (5299 turns).

greasedhog the Cleaver (Hill Orc Monk)              Turns: 5299, Time: 00:07:46

Health: -7/64      AC:  7    Str: 16    XL:     8   Next: 0%
Magic:  8/8        EV: 10    Int: 10    God:
Gold:   96         SH:  0    Dex: 13    Spells: 7/7 levels left

rFire   . . .      SeeInvis .   a - +1 hand axe
rCold   . . .      Faith    .   (no shield)
rNeg    . . .      Spirit   .   f - +0 scale mail
rPois   .          Reflect  .   (no helmet)
rElec   .          Harm     .   (no cloak)
rCorr   .          Rampage  .   u - +0 pair of gloves
Will    .....                   (no boots)
Stlth   ..........              (no amulet)
HPRegen 0.20/turn               (no ring)
MPRegen 0.11/turn               (no ring)

@: no status effects
A: no striking features
a: no special abilities


You were on level 4 of the Dungeon.
You visited 2 branches of the dungeon, and saw 6 of its levels.

You collected 204 gold pieces.
You spent 108 gold pieces at shops.

Inventory:

Hand Weapons
 a - a +1 hand axe (weapon)
Missiles
 o - 3 boomerangs (quivered)
Armour
 f - a +0 scale mail (worn)
 u - a +0 pair of gloves (worn)
Jewellery
 j - a ring of magical power
 l - an amulet of magic regeneration
Wands
 v - a wand of acid (8)
Scrolls
 b - a scroll of amnesia
 d - a scroll of poison
 g - 4 scrolls of teleportation
 i - a scroll of torment
 m - 2 scrolls of summoning
 n - 2 scrolls of fog
 p - a scroll of enchant armour
 q - a scroll of magic mapping
 w - a scroll of blinking {unknown}
 x - a scroll of noise {unknown}
Potions
 c - a potion of ambrosia
 e - 9 potions of curing
 h - a potion of haste {unknown}
 k - a potion of heal wounds {unknown}
 r - 3 potions of mutation {unknown}
 s - a potion of brilliance {unknown}
 t - a potion of cancellation {unknown}


   Skills:
 - Level 3.6 Fighting
 * Level 11.5 Axes
 - Level 3.0 Dodging
 - Level 1.5 Stealth
 * Level 0.8 Evocations


You had 7 spell levels left.
You didn't know any spells.
Your spell library was empty.

Dungeon Overview and Level Annotations

Branches:
Dungeon (5/15)             Temple (1/1) D:4

Altars:
Ashenzari
Cheibriados
Dithmenos
Elyvilon
Fedhas
Gozag
Makhleb
Nemelex Xobeh
Okawaru
Qazlal
Ru
Sif Muna
Trog
Uskayaw
Wu Jian
Yredelemnul
Zin
The Shining One

Shops:
D:5 (?*

Annotations:
D:2 Sigmund
D:4 Blork the orc


Message History

Blork the orc is lightly wounded.
Blork the orc hits you with a +0 long sword.
You hit Blork the orc.
Blork the orc is moderately wounded.
Blork the orc closely misses you.
You barely miss Blork the orc.
Blork the orc is moderately wounded.
Blork the orc hits you with a +0 long sword.
You hit Blork the orc.
Blork the orc is heavily wounded.
Blork the orc hits you with a +0 long sword.
You closely miss Blork the orc.
Blork the orc is heavily wounded.
Blork the orc hits you with a +0 long sword.
You hit Blork the orc.
Blork the orc is heavily wounded.
Blork the orc barely misses you.
Blork the orc hits you with a +0 long sword.
You slash Blork the orc!
Blork the orc is almost dead.
Blork the orc looks encouraged for a moment.
You closely miss Blork the orc.
Blork the orc is almost dead.
Blork the orc misses you.
You barely miss Blork the orc.
Blork the orc is almost dead.
Blork the orc screams, "I'm going to kill you!"
Blork the orc hits you with a +0 long sword.
You hit Blork the orc.
Blork the orc is almost dead.
Blork the orc hits you with a +0 long sword!
* * * LOW HITPOINT WARNING * * *
You hit Blork the orc but do no damage.
Blork the orc is almost dead.
Blork the orc hits you with a +0 long sword!
* * * LOW HITPOINT WARNING * * *
You hit Blork the orc but do no damage.
Blork the orc is almost dead.
Blork the orc hits you with a +0 long sword!
You die...

..#.##.#...#####.##.#..#.# #.#.##
..#.##............#.##.#.# #.#.##
..#...............#.##...###...##
#.#.....#.........#.###......####
..#.....#.........#.# #.####.# #
........#)######.##.###.####.####
........#.######.##..............
........#.#....#.#######.###.####
........#..[..)(@................
...######...)..o....####.###.####
...# #.≈≈≈≈.≈≈≈≈.......##.# ...#
#.≈.§§§...≈..###..##.# ...#
#.≈.§≈§≈≈.≈.####..##.# ...#
#.≈.§§§.≈.≈.))....##.# ####
#.≈.≈._.≈.≈.###......# ##
#.≈.≈...≈.≈.#.....#..#### .#
#.≈.≈≈≈≈≈§≈...#.#.#......


You could see Blork the orc (fast).

Vanquished Creatures
  A black bear (D:4)
  An ogre (D:4)
  A phantom (D:4)
  2 scorpions (D:4)
  2 necrophages (D:4)
  A howler monkey (D:4)
  A jelly (D:4)
  A hound (D:3)
  3 iguanas
  2 orc wizards
  5 adders
  An ufetubus (D:3)
  2 dart slugs
  10 orcs
  6 bats
  4 endoplasms
  5 giant cockroaches
  5 goblins
  5 hobgoblins
  A jackal (D:4)
  4 quokkas
  3 ball pythons
  4 frilled lizards (D:3)
  4 kobolds
  A rat (D:1)
75 creatures vanquished.

Notes
Turn   | Place    | Note
-------+----------+-------------------------------------------
     0 | D:1      | greasedhog the Hill Orc Monk began the quest for the Orb.
     0 | D:1      | Reached XP level 1. HP: 19/19 MP: 1/1
   415 | D:1      | Reached XP level 2. HP: 26/26 MP: 2/2
  1278 | D:2      | Noticed Sigmund
  1426 | D:3      | Reached XP level 3. HP: 21/31 MP: 3/3
  1429 | D:3      | Found a hide-covered altar of Uskayaw.
  1512 | D:3      | Reached skill level 5 in Axes
  2337 | D:3      | Found a faded altar of an unknown god.
  2491 | D:3      | Reached skill level 6 in Axes
  2491 | D:3      | Reached XP level 4. HP: 34/39 MP: 4/4
  2714 | D:4      | Reached XP level 5. HP: 43/45 MP: 5/5
  2751 | D:4      | Found a bloodstained altar of Trog.
  2783 | D:4      | Reached skill level 7 in Axes
  2796 | D:4      | Noticed a phantom
  2798 | D:4      | Reached skill level 8 in Axes
  2816 | D:4      | Killed a phantom
  2817 | D:4      | Reached XP level 6. HP: 32/51 MP: 6/6
  2833 | D:4      | Reached skill level 9 in Axes
  2992 | D:4      | Reached XP level 7. HP: 13/57 MP: 7/7
  3310 | D:4      | Found a stormy altar of Qazlal.
  3498 | D:4      | Reached skill level 10 in Axes
  3498 | D:4      | Found a staircase to the Ecumenical Temple.
  3521 | Temple   | Entered the Ecumenical Temple
  4184 | D:4      | Found a glowing silver altar of Zin.
  4289 | D:4      | Found a shadowy altar of Dithmenos.
  4476 | D:4      | Reached skill level 11 in Axes
  4819 | D:5      | Entered Level 5 of the Dungeon
  4819 | D:5      | Found Qioxtu's Magic Scroll Boutique.
  4893 | D:5      | Bought a scroll of identify for 22 gold pieces
  4893 | D:5      | Bought a scroll of identify for 22 gold pieces
  4893 | D:5      | Bought a scroll of identify for 22 gold pieces
  5129 | D:5      | Found Fis Rodi's Weapon Boutique.
  5159 | D:5      | Found Inazu's General Store.
  5162 | D:5      | Bought a scroll of teleportation for 42 gold pieces
  5182 | D:5      | Found a sacrificial altar of Ru.
  5213 | D:5      | Reached XP level 8. HP: 57/64 MP: 8/8
  5276 | D:5      | Noticed Blork the orc
  5298 | D:4      | HP: 1/64 [Blork the orc/+0 long sword (10)]
  5299 | D:4      | Mangled by Blork the orc

Illustrated notes

Levels and vault maps discovered:
D:1:      kennysheep_arrival_seaside, layout_basic
D:2:      layout_rooms, uniq_sigmund, uniq_terence
D:3:      layout_rooms, old_standard_altar, serial_curves, eino_curves_02,
          eino_curves_02, hellmonk_ecumenical_altar_heavens_door,
          hangedman_abyss_or_decor_lesser_grid
D:4:      layout_basic, nicolae_overflow_hidden_temple,
          mainiacjoe_overflow_concentric_impassable,
          mainiacjoe_overflow_24_doors, minmay_temple_entry_glass,
          minmay_ruined_shrine
D:5:      layout_cave_pools, mainiacjoe_overflow_paths,
          mainiacjoe_overflow_alcove_4, nicolae_ru_great_annihilating_truth,
          serial_shops, nicolae_stop_n_shop_2, nicolae_shop_advertising_works
          [nicolae_subvault_shop_adworks], kennysheep_mini_moat,
          nicolae_shop_bloodbath_and_beyond, shop, uniq_eustachio, uniq_duvessa,
          uniq_blork_the_orc, uniq_crazy_yiuf_cottage
Temple:   nicolae_temple_god_jail

Skill      XL: |  1  2  3  4  5  6  7 |
---------------+----------------------+-----
Axes           | 6 8 9 11 | 11.5
Dodging        | 3 |  3.0
Fighting       | |  3.6
Stealth        | |  1.5
Evocations     | |  0.8

Action                   |  1- 3 |  4- 6 |  7- 9 || total
-------------------------+-------+-------+-------++-------
Melee: Hand axe          |   123 |    95 |   126 ||   344
       Punch             |     1 |     2 |     4 ||     7
Evoke: Wand              |       |       |     1 ||     1
  Use: Scroll            |     6 |       |     4 ||    10
       Potion            |       |     1 |       ||     1
 Stab: Paralysed         |       |       |     1 ||     1
Armor: Scale mail        |    65 |    39 |    33 ||   137
Dodge: Dodged            |    79 |    41 |    59 ||   179

Table legend: (Time is in decaauts)
 A = Elapsed time spent in this place.
 B = Non-inter-level travel time spent in this place.
 C = Inter-level travel time spent in this place.
 D = Time resting spent in this place.
 E = Time spent auto-exploring this place.
 F = Levels seen in this place.
 G = Mean time per level.
                   A        B        C        D        E       F      G
               +--------+--------+--------+--------+--------+-----+--------+
         Total |   5269 |   5016 |    253 |    838 |   3433 |   6 |  878.2 |
       Dungeon |   5152 |   4911 |    241 |    838 |   3340 |   5 | 1030.4 |
        Temple |    116 |    104 |     12 |      0 |     93 |   1 |  116.0 |
               +--------+--------+--------+--------+--------+-----+--------+

Top non-repeatable levels by time:
     D:4: 2070 daAuts
     D:3: 1337 daAuts
     D:1: 1274 daAuts
     D:5: 452 daAuts
  Temple: 116 daAuts
     D:2: 17 daAuts
